 Dungeon Crawl Stone Soup version 0.31-a0-23-gcbde74481b (webtiles) character file.

Game seed: 18018248905212362748

262342 senseless the Warrior (level 19, -32/200 (222) HPs)
             Began as an Ogre Berserker on May 12, 2023.
             Was a High Priest of Trog.
             Killed from afar by a halazid warlock (34 damage)
             ... with a bolt of cold
             ... in the Desolation of Salt on May 15, 2023.
             The game lasted 02:11:17 (41214 turns).

senseless the Warrior (Ogre Berserker)             Turns: 41214, Time: 02:11:18

HP:   -32/200 (222) AC: 29    Str: 32    XL:     19   Next: 99%
MP:   19/19         EV:  9    Int: 11    God:    Trog [*****.]
Gold: 2949          SH: 21    Dex:  6    Spells: 18/18 levels left

rFire   . . .        C - +5 war axe (spect)
rCold   . . .        I - +5 kite shield of Skepticism {Will+}
rNeg    . . .        A - +8 storm dragon scales
rPois   .            (helmet restricted)
rElec   +            v - +2 cloak
rCorr   +            (gloves unavailable)
SInv    .            (boots unavailable)
Will    +++..        f - amulet of Doubts {Reflect rCorr Int+3 SH+5} Stlth
                     F - ring of flight
HPRegen 0.53/turn    r - ring of willpower
MPRegen 0.16/turn

%: reflection
@: about to teleport, on berserk cooldown, flying, slowed, studying Evocations,
drained, invisible, very slow
A: large, unfitting armour, tough skin 1, clumsy 1, mutation resistance 1,
passive freeze
}: 2/15 runes: decaying, serpentine
a: Renounce Religion, Berserk, Trog's Hand, Brothers in Arms


You were in the Desolation of Salt.
You worshipped Trog.
Trog was extremely pleased with you.
You visited 7 branches of the dungeon, and saw 32 of its levels.
You also visited: Trove, Ice Cave, Volcano and Desolation.

You collected 3480 gold pieces.
You spent 531 gold pieces at shops.

Inventory:

Hand Weapons
 a - a +3 broad axe of venom
 l - a +5 antimagic hand axe
 q - a +3 hammer of protection
 C - a +5 spectral war axe (weapon)
 L - a +1 hand crossbow of flaming
 T - a +4 scimitar of flaming
 X - the +6 demon trident of Eternal Vigilance {flame, rElec Stlth+}
   (Trog gifted it to you on level 3 of the Lair of Beasts)

   rElec:     It insulates you from electricity.
   Stlth:     It makes you more stealthy.
Missiles
 W - 12 large rocks (quivered)
Armour
 v - a +2 cloak (worn)
 A - +8 storm dragon scales (worn)
 I - the +5 kite shield of Skepticism (worn) {Will+}
   (You found it on level 11 of the Dungeon)

   Will:      It increases your willpower.
Jewellery
 b - a ring of ice
 f - the amulet of Doubts (around neck) {Reflect rCorr Int+3 SH+5}
   (You found it on level 4 of the Snake Pit)

   [amulet of reflection]

   It reflects blocked missile attacks.
   Int:       It affects your intelligence (+3).
   rCorr:     It protects you from acid and corrosion.
   SH:        It affects your SH (+5).
 p - an amulet of regeneration
 r - a ring of willpower (right hand)
 w - a ring of positive energy
 y - a ring of positive energy
 F - a ring of flight (left hand)
 M - a ring of resist corrosion
 U - a ring of protection from cold
 Y - the amulet of Fociatod {Spirit Str+5 Int+3}
   (You acquired it on level 4 of the Lair of Beasts)

   [amulet of guardian spirit]

   It causes incoming damage to be divided between your reserves of health and
   magic.
   Str:       It affects your strength (+5).
   Int:       It affects your intelligence (+3).
Wands
 h - a wand of paralysis (22)
 i - a wand of flame (31)
 x - a wand of digging (16)
 D - a wand of iceblast (49)
 H - a wand of mindburst (33)
 J - a wand of polymorph (20)
 N - a wand of light (26)
Scrolls
 o - 3 scrolls of magic mapping
 s - 6 scrolls of teleportation
 B - 5 scrolls of blinking
 E - 7 scrolls of fog
 K - 2 scrolls of summoning
 O - 4 scrolls of fear
Potions
 c - 8 potions of haste
 d - 7 potions of might
 e - 12 potions of curing
 g - 7 potions of attraction
 j - 3 potions of invisibility
 k - 3 potions of heal wounds
 m - 6 potions of flight
 n - 8 potions of mutation
 t - 2 potions of cancellation
 u - a potion of magic
 z - 6 potions of lignification
 G - 2 potions of berserk rage
 S - 9 potions of ambrosia


   Skills:
 + Level 20.9 Fighting
 - Level 15.6(16.0) Axes
 - Level 4.5(10.4) Maces & Flails
 - Level 8.1 Throwing
 + Level 15.1 Armour
 + Level 15.1 Dodging
 + Level 13.9 Shields
 + Level 9.4 Evocations


You had 18 spell levels left.
You didn't know any spells.
Your spell library contained the following spells:

 Spells                   Type           Power      Damage    Failure   Level
 Apportation              Tloc           0%         N/A       83%         1
 Beastly Appendage        Tmut           0%         N/A       83%         1
 Foxfire                  Conj/Fire      0%         2x1d4     83%         1
 Freeze                   Ice            0%         1d3       83%         1
 Necrotise                Necr           0%         1d4       83%         1
 Slow                     Hex            0%         N/A       83%         1
 Summon Small Mammal      Summ           0%         N/A       83%         1
 Cigotuvi's Dreadful Rot  Necr/Pois/Air  0%         N/A       92%         2
 Ensorcelled Hibernation  Hex/Ice        0%         N/A       92%         2
 Lesser Beckoning         Tloc           0%         N/A       92%         2
 Passwall                 Tmut/Erth      0%         N/A       92%         2
 Sublimation of Blood     Necr           0%         N/A       92%         2
 Confusing Touch          Hex            0%         N/A       99%         3
 Frozen Ramparts          Ice            0%         1d1       99%         3
 Gell's Gravitas          Tloc           0%         N/A       99%         3
 Hailstorm                Conj/Ice       0%         3d3       99%         3
 Ignite Poison            Fire/Tmut/Pois 0%         N/A       99%         3
 Stone Arrow              Conj/Erth      0%         3d7       99%         3
 Swiftness                Air            0%         N/A       99%         3
 Teleport Other           Tloc           0%         N/A       99%         3
 Tukima's Dance           Hex            0%         N/A       99%         3
 Vampiric Draining        Necr           0%         2d6       99%         3
 Animate Armour           Summ/Erth      0%         N/A       100%        4
 Manifold Assault         Tloc           0%         N/A       100%        4
 Passage of Golubria      Tloc           0%         N/A       100%        4
 Petrify                  Tmut/Erth      0%         N/A       100%        4
 Blade Hands              Tmut           0%         N/A       100%        5
 Fireball                 Conj/Fire      0%         3d3       100%        5
 Freezing Cloud           Conj/Ice/Air   0%         6-21      100%        5
 Irradiate                Conj/Tmut      0%         3d11      100%        5
 Silence                  Hex/Air        0%         N/A       100%        5
 Yara's Violent Unravell  Hex/Tmut       0%         3d3       100%        5
 Conjure Ball Lightning   Conj/Air       0%         3x3d6     100%        6
 Dispersal                Tloc           0%         N/A       100%        6
 Eringya's Noxious Bog    Tmut/Pois      0%         N/A       100%        6
 Iron Shot                Conj/Erth      0%         9d1       100%        6
 Plasma Beam              Fire/Air       0%         2x1d11    100%        6
 Starburst                Conj/Fire      0%         6d3       100%        6
 Dragon Form              Tmut           0%         N/A       100%        7
 Ozocubu's Refrigeration  Ice            0%         4d7       100%        7
 Discord                  Hex            0%         N/A       100%        8
 Disjunction              Tloc           0%         N/A       100%        8
 Lehudib's Crystal Spear  Conj/Erth      0%         10d2      100%        8
 Polar Vortex             Ice            0%         N/A       100%        9


Dungeon Overview and Level Annotations

Branches:
Dungeon (13/15)            Temple (0/1) D:6            Lair (5/5) D:11
  Swamp (4/4) Lair:3        Snake (4/4) Lair:2        Slime (0/5) Lair:4
    Orc (2/2) D:11            Elf (2/3) Orc:2        Vaults (2/5) D:13
  Crypt (0/3) Vaults:2      IceCv (visited)         Volcano (visited)
Desolation (1/1)

Altars:
Cheibriados
Dithmenos
Fedhas
Gozag
Kikubaaqudgha
Nemelex Xobeh
Qazlal
Uskayaw
Vehumet
Wu Jian
Zin
Jiyva

Shops:
D:4 *   Orc:2 !:[!   Snake:2 [=::

Annotations:
D:10 exclusion: obsidian statue


Innate Abilities, Weirdness & Mutations

You are too large for most types of armour.
You have tough skin. (AC +1)
You are clumsy. (Dex -2)
You are somewhat resistant to further mutation.
A frigid envelope surrounds you and freezes all who hurt you.


Message History

You block the saltling's attack.
The peacekeeper moves out of view.
As you read the scroll of teleportation, it crumbles to dust.
You feel strangely unstable. You block the peacekeeper's attack. x2
A peacekeeper comes into view.
The peacekeeper roars a battlecry!
The peacekeeper goes into a battle-frenzy!
The ragged hierophant hits you with a +0 whip.
* * * LOW HITPOINT WARNING * * *
The ragged hierophant is very cold.
The ragged hierophant is severely wounded.
The imperial myrmidon points at you and mumbles some strange words.
You resist with almost no effort. You block the halazid warlock's attack.
The saltling hits you but does no damage.
The saltling is very cold.
The saltling is moderately damaged.
The ragged hierophant points at you and mumbles some strange words.
A blast of power from the earth and the adjacent constructs strikes you!
* * * LOW HITPOINT WARNING * * *
You block the halazid warlock's attack.
The peacekeeper bites you but does no damage.
The peacekeeper resists.
The peacekeeper is very cold.
The peacekeeper is almost destroyed.
The peacekeeper claws you but does no damage.
The halazid warlock touches you but does no damage.
The halazid warlock completely resists.
The imperial myrmidon hits you with a +0 scimitar!
* * * LOW HITPOINT WARNING * * *
The imperial myrmidon is very cold.
The imperial myrmidon is moderately wounded.
The peacekeeper roars! x2
You fade into invisibility!
You block the saltling's attack. You block the peacekeeper's attack.
The peacekeeper claws you.
* * * LOW HITPOINT WARNING * * *
The peacekeeper resists.
The peacekeeper is very cold.
The peacekeeper is almost destroyed.
You block the saltling's attack. You block the halazid warlock's attack.
The halazid warlock points at you and mumbles some strange words.
The bolt of cold hits you!!
You die...

#####.9...........
..§..§§.§§...........
..§§..§#§§...........
§§§.§§§§............
§§§§.§§.............
..§§§.§§§§...........#..
§§§§§§§§§..p.99.........
.§§.§.§...9aL.........
§.§§.§)....@aa9.......
§§..§.§..#.L9.........
§§.......#.9..........
..............9.......
..............∩..9....
................9.....
..............∩.......
...#..................
..................


You could see 2 ragged hierophants, an imperial myrmidon (sheltered, unable to
see you), 2 halazid warlocks, an ironbound convoker (sheltered, unable to see
you), 3 peacekeepers and 6 saltlings.

Vanquished Creatures
  Vashnia (Snake:4)
  Mlioglotl (Swamp:3)
  The ghost of Dittersdorf the Severer, an adept MiBe of Trog (Snake:1)
  The ghost of Sagen the Devastator, an adept DrCj of Vehumet (Snake:2)
  Kirke (Snake:1)
  14 nagarajas
  A deep elf sorcerer (Elf:1)
  2 vault wardens (Vaults:1)
  4 ironbound preservers (Vaults:1)
  A reaper (IceCv)
  3 ironbound thunderhulks (Vaults:1)
  2 bunyips (Swamp:1)
  5 eleionomae
  A halazid warlock (Desolation)
  7 dire elephants (Vaults:1)
  An ettin (Orc:1)
  2 deep elf death magi (Elf:1)
  A great orb of eyes (Vaults:1)
  2 vault guards
  A salamander tyrant (Snake:4)
  A servant of whispers (Desolation)
  3 ice dragons (Swamp:4)
  12 anacondas
  Erolcha (Orc:2)
  2 ironbound frosthearts (Vaults:1)
  2 ghost crabs
  2 centaur warriors
  8 hydras
  A catoblepas (Lair:3)
  4 two-headed ogres
  An ogre mage (Orc:2)
  6 alligators
  9 dancing weapons (Elf:1)
  5 boulder beetles
  3 death yaks (Lair:1)
  22 naga sharpshooters
  15 naga warriors
  8 shock serpents
  Nergalle (Orc:2)
  2 skysharks
  9 deep elf knights (Elf:1)
  2 salamander mystics (Snake:3)
  2 spectral death yaks (Lair:3)
  16 deep trolls (Vaults:1)
  3 goliath frogs (Swamp:2)
  2 spriggan druids
  4 sea snakes (Snake:4)
  Pikel (D:4)
  2 bog bodies (Swamp:1)
  17 naga ritualists
  A lindwurm (Orc:1)
  2 swamp dragons
  2 wizards
  10 deep elf archers
  5 ironbound convokers (Vaults:1)
  5 harpies (Vaults:1)
  20 deep elf zephyrmancers (Elf:1)
  A sphinx zombie (Vaults:1)
  15 mana vipers
  15 deep elf pyromancers
  An orc knight (Orc:2)
  A wolf spider (D:13)
  3 necromancers
  5 ugly things
  8 orc sorcerers
  2 oklob plants
  2 cyclopes
  16 slime creatures
  8 salamanders
  7 guardian serpents
  10 elephants (Lair:5)
  3 will-o-the-wisps
  49 black mambas
  22 naga magi
  2 ice statues (IceCv)
  2 torpor snails (Lair:3)
  A vault sentinel (Vaults:1)
  14 cane toads
  2 unseen horrors
  5 yaktaurs (Vaults:1)
  3 anaconda simulacra (IceCv)
  4 rime drakes
  3 efreet (D:13)
  4 freezing wraiths (Swamp:4)
  10 komodo dragons
  A tengu conjurer (D:13)
  5 ice devils (IceCv)
  A bloated husk (Swamp:4)
  8 trolls
  A queen bee (D:13)
  3 meliai (D:13)
  11 tyrant leeches
  7 polar bears
  4 saltlings (Desolation)
  A dream sheep (Lair:5)
  10 hornets
  29 blink frogs
  3 spectral black mambas (Lair:3)
  An ettin skeleton (Vaults:1)
  A wraith (D:12)
  3 shadows
  19 spriggans
  3 dire elephant simulacra (IceCv)
  2 wyverns
  A vampire (D:13)
  4 hogs (Snake:1)
  2 basilisks
  7 fire elementals
  A water elemental (Elf:1)
  43 yaks
  2 steam dragons
  3 swamp worm simulacra (Swamp:4)
  8 redbacks (Elf:1)
  7 vampire mosquitoes (Lair:3)
  15 swamp worms
  2 harpy simulacra (IceCv)
  A yaktaur simulacrum (Vaults:1)
  41 nagas
  15 hydra simulacra
  4 wargs
  An acid dragon (D:13)
  18 water moccasins
  4 hell hounds (Volcano)
  A spectral polar bear (Lair:3)
  7 orc warriors
  A sky beast (D:6)
  A swamp drake (Swamp:2)
  6 black bears
  3 ice beasts
  5 ogres
  52 wolves
  4 boggarts (Lair:5)
  A spectral rime drake (Lair:3)
  6 centaurs
  A kobold brigand (D:10)
  Blork the orc (D:4)
  A scorpion (D:5)
  15 bullfrogs
  2 gnoll sergeants
  A cane toad simulacrum (IceCv)
  12 wights
  21 killer bees (D:13)
  8 howler monkeys
  An electric eel (Lair:3)
  3 lava snakes (Lair:2)
  10 orc priests
  A gnoll bouda (D:6)
  4 hounds
  A jelly (D:5)
  6 iguanas
  A sleepcap (D:6)
  Crazy Yiuf (D:2)
  22 orc wizards
  A wolf simulacrum (IceCv)
  An ogre zombie (D:4)
  7 gnolls
  A gnoll zombie (D:4)
  13 adders
  A naga simulacrum (IceCv)
  A shadow imp (D:8)
  13 white imps
  2 ufetubi
  5 swamp drake simulacra (Swamp:4)
  3 worms
  A dart slug (D:1)
  39 orcs
  6 ball pythons
  6 endoplasms
  2 giant cockroaches
  8 goblins
  5 hobgoblins
  9 jackals
  13 kobolds
  4 quokkas
  7 bats
  2 frilled lizards (D:1)
  12 rats
1134 creatures vanquished.

Vanquished Creatures (collateral kills)
  2 black mambas (Snake:2)
  A naga (Snake:3)
3 creatures vanquished.

Vanquished Creatures (others)
  A salamander tyrant (Snake:4)
  A bloated husk (Swamp:3)
  8 foxfires (Swamp:4)
  33 spectral weapons
43 creatures vanquished.

Grand Total: 1180 creatures vanquished

Notes
Turn   | Place    | Note
-------+----------+-------------------------------------------
     0 | D:1      | senseless the Ogre Berserker began the quest for the Orb.
     0 | D:1      | Reached XP level 1. HP: 24/24 MP: 1/1
    87 | D:1      | Reached XP level 2. HP: 28/32 MP: 2/2
   233 | D:1      | Reached ** piety under Trog
   270 | D:1      | Reached XP level 3. HP: 32/40 MP: 3/3
   900 | D:2      | Reached XP level 4. HP: 46/49 MP: 4/4
   954 | D:2      | Reached skill level 5 in Fighting
  1454 | D:2      | You fall into a shaft and drop 2 floors!
  1474 | D:4      | Found a blossoming altar of Fedhas.
  1483 | D:4      | Noticed Blork the orc
  1489 | D:4      | Killed Blork the orc
  1490 | D:4      | Reached XP level 5. HP: 57/57 MP: 5/5
  1845 | D:2      | Found a runed translucent door.
  1846 | D:2      | Noticed Crazy Yiuf
  1985 | D:2      | Killed Crazy Yiuf
  2332 | D:3      | Found a sparkling altar of Nemelex Xobeh.
  2386 | D:3      | Reached *** piety under Trog
  2451 | D:3      | Reached XP level 6. HP: 67/67 MP: 6/6
  2580 | D:3      | Reached skill level 6 in Fighting
  2679 | D:4      | Found a transporter.
  2921 | D:4      | Identified the +5 leather armour "Semecidi" {Will- Regen+
                  | Str+5 Dex+3}
  2990 | D:4      | Found Copavud's Assorted Antiques.
  2995 | D:4      | Bought a thin ruby amulet for 145 gold pieces
  2995 | D:4      | Bought a scroll labelled GUPRERPH XANEU for 29 gold pieces
  3030 | D:4      | Noticed Pikel
  3047 | D:4      | Killed Pikel
  3048 | D:4      | Reached skill level 7 in Fighting
  3048 | D:4      | Reached skill level 5 in Axes
  3048 | D:4      | Reached skill level 5 in Dodging
  3048 | D:4      | Reached XP level 7. HP: 59/79 MP: 7/7
  3048 | D:4      | Reached XP level 8. HP: 66/88 MP: 8/8
  3323 | D:4      | Found a transporter.
  3404 | D:4      | Found an ornate altar of the Wu Jian Council.
  3582 | D:5      | Entered Level 5 of the Dungeon
  3732 | D:5      | Reached skill level 8 in Fighting
  4373 | D:5      | Found a glowing silver altar of Zin.
  4642 | D:5      | Gained mutation: You are clumsy. (Dex -2) [potion of
                  | mutation]
  4642 | D:5      | Gained mutation: A frigid envelope surrounds you and
                  | freezes all who hurt you. [potion of mutation]
  4642 | D:5      | Gained mutation: You are somewhat resistant to further
                  | mutation. [potion of mutation]
  5130 | D:6      | Found a radiant altar of Vehumet.
  5200 | D:6      | Identified the +0 plate armour "Kuqadayrgh" {-Tele rC+
                  | Regen+ SInv}
  5235 | D:6      | Reached skill level 9 in Fighting
  5280 | D:6      | Reached skill level 1 in Armour
  5280 | D:6      | Reached XP level 9. HP: 98/98 MP: 9/9
  5550 | D:6      | Found a staircase to the Ecumenical Temple.
  5680 | D:4      | Bought a scroll of enchant armour for 217 gold pieces
  5913 | D:6      | Found a snail-covered altar of Cheibriados.
  6075 | D:7      | Reached skill level 1 in Maces & Flails
  6094 | D:7      | Reached **** piety under Trog
  6771 | D:8      | Reached skill level 10 in Fighting
  6969 | D:8      | Noticed a cyclops
  6982 | D:8      | Killed a cyclops
  6983 | D:8      | Reached XP level 10. HP: 88/111 MP: 10/10
  8044 | D:9      | Noticed a +0 falchion
  8100 | D:9      | Found a hide-covered altar of Uskayaw.
  8100 | D:9      | Noticed a +0 short sword
  8100 | D:9      | Noticed a +0 short sword
  8102 | D:9      | Noticed a +0 dagger
  8102 | D:9      | Noticed a +0 falchion
  8103 | D:9      | Noticed a +0 spear
  8103 | D:9      | Noticed a +0 spear
  8104 | D:9      | Noticed a +0 dagger
  8194 | D:10     | Entered Level 10 of the Dungeon
  8217 | D:10     | Reached skill level 11 in Fighting
  8236 | D:9      | Upgraded the game from 0.31-a0-18-gea43df2a32 to
                  | 0.31-a0-23-gcbde74481b
  8283 | D:10     | Found a stormy altar of Qazlal.
  8305 | D:10     | Paralysed by a hornet for 1 turns
  8604 | D:10     | Noticed an obsidian statue
  8709 | D:10     | Found an opulent altar of Gozag.
  8832 | D:10     | Noticed a vault guard
  8843 | D:10     | Killed a vault guard
  8844 | D:10     | Reached skill level 12 in Fighting
  8844 | D:10     | Reached skill level 5 in Armour
  8844 | D:10     | Reached XP level 11. HP: 61/123 MP: 11/11
  9021 | D:10     | Found a portal to a secret trove of treasure.
  9146 | D:11     | Identified the +5 kite shield of Skepticism {Will+}
  9338 | D:11     | Found a staircase to the Lair.
  9345 | D:11     | Reached ***** piety under Trog
  9349 | D:11     | Reached skill level 1 in Shields
  9438 | D:11     | Identified the +0 falchion "Ukoceogyi" {vamp, +Blink rPois
                  | Str+2 Int+4}
  9580 | D:11     | Found a staircase to the Orcish Mines.
 10059 | D:12     | Noticed a boulder beetle
 10074 | D:12     | Killed a boulder beetle
 10126 | D:12     | Found a frozen archway.
 10268 | IceCv    | Entered an ice cave
 10727 | IceCv    | Received a gift from Trog
 11005 | IceCv    | Reached skill level 13 in Fighting
 11116 | IceCv    | Reached XP level 12. HP: 119/136 MP: 12/12
 11601 | IceCv    | Noticed a reaper
 11613 | IceCv    | Killed a reaper
 11818 | IceCv    | Got Sif Muna's Secrets of Firn
 12120 | D:12     | Noticed a boulder beetle
 12133 | D:12     | Killed a boulder beetle
 12519 | D:13     | Reached skill level 10 in Axes
 12614 | D:13     | Noticed a boulder beetle
 12628 | D:13     | Killed a boulder beetle
 12629 | D:13     | Reached skill level 5 in Shields
 12709 | D:13     | Found a shadowy altar of Dithmenos.
 12960 | D:13     | Noticed a two-headed ogre
 12961 | D:13     | Noticed a centaur warrior
 12965 | D:13     | Killed a two-headed ogre
 12965 | D:13     | Killed a centaur warrior
 12966 | D:13     | Reached skill level 10 in Dodging
 12968 | D:13     | Reached skill level 14 in Fighting
 13160 | D:13     | Reached XP level 13. HP: 132/146 MP: 13/13
 13526 | D:13     | Received a gift from Trog
 13699 | D:13     | Found a gate to the Vaults.
 13827 | Lair:1   | Entered Level 1 of the Lair of Beasts
 15032 | Lair:2   | Reached skill level 15 in Fighting
 15373 | Lair:2   | Found a staircase to the Snake Pit.
 15564 | Lair:2   | Reached ****** piety under Trog
 16158 | Lair:3   | Reached XP level 14. HP: 149/159 MP: 14/14
 16337 | Lair:3   | Identified the +6 demon trident of Eternal Vigilance
                  | {flame, rElec Stlth+} (Trog gifted it to you on level 3 of
                  | the Lair of Beasts)
 16337 | Lair:3   | Received a gift from Trog
 16728 | Lair:3   | Identified a scroll of acquirement
 16728 | Lair:3   | Acquired a manual of Armour
 17065 | Lair:3   | Found a staircase to the Swamp.
 18454 | Lair:4   | Reached skill level 16 in Fighting
 18455 | Lair:4   | Reached skill level 1 in Throwing
 18456 | Lair:4   | Received a gift from Trog
 18858 | Lair:4   | Acquired the amulet of Fociatod {Spirit Str+5 Int+3}
 18887 | Lair:4   | Found a viscous altar of Jiyva.
 18891 | Lair:4   | Found a staircase to the Slime Pits.
 19120 | Lair:5   | Entered Level 5 of the Lair of Beasts
 19442 | Lair:5   | Identified the +1 scale mail of Compression {rPois rN+}
 19464 | Lair:5   | Paralysed by a hornet for 2 turns
 19482 | Lair:5   | Reached XP level 15. HP: 132/171 MP: 11/15
 19552 | Lair:5   | Reached skill level 10 in Armour
 20261 | Lair:5   | Received a gift from Trog
 20754 | Orc:1    | Entered Level 1 of the Orcish Mines
 20782 | Orc:1    | Found a dark tunnel.
 20791 | Volcano  | Entered a volcano
 21597 | Orc:1    | Reached skill level 17 in Fighting
 21843 | Orc:2    | Entered Level 2 of the Orcish Mines
 21883 | Orc:2    | Found a staircase to the Elven Halls.
 22198 | Orc:2    | Found Zetrunui's Distillery.
 22199 | Orc:2    | Received a gift from Trog
 22238 | Orc:2    | Found a radiant altar of Vehumet.
 22238 | Orc:2    | Noticed Erolcha
 22242 | Orc:2    | Killed Erolcha
 22250 | Orc:2    | Found Zoeq Eme's Antique Armour Shop.
 22256 | Orc:2    | Reached skill level 5 in Throwing
 22265 | Orc:2    | Noticed Nergalle
 22277 | Orc:2    | Killed Nergalle
 22317 | Orc:2    | Found an ancient bone altar of Kikubaaqudgha.
 22350 | Orc:2    | Found Byiwaalu's Book Boutique.
 22356 | Orc:2    | Reached skill level 10 in Shields
 22394 | Orc:2    | Found Kebijil's Distillery.
 22657 | Elf:1    | Entered Level 1 of the Elven Halls
 23105 | Elf:1    | Reached XP level 16. HP: 183/183 MP: 12/16
 23294 | Elf:1    | Got the Almanac of Destined Transmogrification
 23487 | Elf:1    | Received a gift from Trog
 24849 | Swamp:1  | Entered Level 1 of the Swamp
 24969 | Lair:3   | Reached skill level 18 in Fighting
 25591 | Orc:2    | Bought a potion of resistance for 140 gold pieces
 25830 | D:4      | Received a gift from Trog
 27114 | Swamp:2  | Reached XP level 17. HP: 169/196 MP: 14/17
 27480 | Swamp:3  | Noticed Mlioglotl
 27741 | Swamp:3  | Killed Mlioglotl
 27988 | Swamp:3  | Identified the +4 plate armour "Quoxysm" {rElec Slay+2}
 28353 | Swamp:4  | Entered Level 4 of the Swamp
 29155 | Swamp:4  | Received a gift from Trog
 29895 | Swamp:4  | Got a decaying rune of Zot
 30097 | Snake:1  | Entered Level 1 of the Snake Pit
 30265 | D:10     | You paid a toll of 5 potions of resistance to enter a
                  | treasure trove
 30266 | Trove    | Entered a treasure trove
 30639 | Snake:1  | Reached skill level 1 in Evocations
 31057 | Snake:1  | Found a runed translucent door.
 31057 | Snake:1  | Noticed Dittersdorf's ghost (adept MiBe)
 31165 | Snake:1  | Noticed Kirke
 31180 | Snake:1  | Killed Kirke
 31478 | Snake:1  | Reached skill level 19 in Fighting
 32320 | Snake:1  | Killed Dittersdorf's ghost
 32464 | Snake:2  | Received a gift from Trog
 32987 | Snake:2  | You are sucked into a shaft and drop 1 floor!
 32998 | Snake:3  | Reached XP level 18. HP: 208/208 MP: 18/18
 33900 | Snake:2  | Found a runed translucent gate.
 33900 | Snake:2  | Found a runed translucent gate.
 33902 | Snake:2  | Found a runed translucent gate.
 34061 | Snake:2  | Found Kelel's Book Shoppe.
 34062 | Snake:2  | Found Irhabok's Jewellery Boutique.
 34064 | Snake:2  | Found Ututah's Book Shoppe.
 34126 | Snake:2  | Reached skill level 5 in Evocations
 34180 | Snake:2  | Noticed Sagen's ghost (adept DrCj)
 34222 | Snake:2  | Found Horublyh's Antique Armour Shoppe.
 34362 | Snake:2  | Killed Sagen's ghost
 35098 | Snake:3  | Reached skill level 15 in Axes
 35527 | Snake:3  | Received a gift from Trog
 35971 | Snake:4  | Entered Level 4 of the Snake Pit
 36252 | Snake:4  | Identified the amulet of Doubts {Reflect rCorr Int+3 SH+5}
 36259 | Snake:4  | Noticed Vashnia
 36276 | Snake:4  | Killed Vashnia
 36742 | Snake:4  | Found Puwiam's Assorted Antiques.
 36811 | Snake:4  | Received a gift from Trog
 37169 | Snake:4  | Reached skill level 20 in Fighting
 37173 | Snake:4  | Reached XP level 19. HP: 219/219 MP: 19/19
 37809 | Snake:4  | Got a serpentine rune of Zot
 39148 | Vaults:1 | Entered Level 1 of the Vaults
 39364 | Vaults:1 | Received a gift from Trog
 39649 | Vaults:1 | Reached skill level 15 in Armour
 39923 | Vaults:1 | Reached skill level 15 in Dodging
 41167 | Vaults:2 | Found a crumbling gateway.
 41171 | Desolati | Entered the Desolation of Salt
 41210 | Desolati | Identified the ring "Yciuqy" {rPois rF+ rC+ Int-3 Dex+2}
 41213 | Desolati | HP: 4/200 [imperial myrmidon/+0 scimitar (8)]
 41214 | Desolati | Killed from afar by a halazid warlock

Illustrated notes

Levels and vault maps discovered:
D:1:      dpeg_arrival_ratfight, layout_rooms
D:2:      layout_loops_cross, uniq_crazy_yiuf_cottage
D:3:      layout_basic, mainiacjoe_overflow_alcove_4
D:4:      gammafunk_cloud_chamber, layout_loops_ring,
          mainiacjoe_overflow_alcove_2, mainiacjoe_overflow_24_doors,
          serial_shops, shop, minmay_liquid_box, uniq_blork_the_orc, uniq_pikel
D:5:      layout_loops_ring, marbit_many_paths, chequers_garden
D:6:      minmay_angry_zag, layout_basic,
          mainiacjoe_overflow_concentric_impassable,
          nicolae_overflow_hidden_temple, minmay_temple_entry_wispy,
          nicolae_fountain_basement
D:7:      layout_basic, kennysheep_generic_room_3
D:8:      layout_basic
D:9:      layout_loops_ring, nicolae_uskayaw_en_pointe
D:10:     layout_cave_pools, nicolae_qazlal_style_of_elements,
          mainiacjoe_overflow_tiny_flanked, enter_trove_5,
          minmay_protected_statue
D:11:     layout_gridville, erik_lair_orcish_takeover, orc_0_dummy,
          serial_rivers, chequers_serial_rivers_micro_c,
          chequers_serial_rivers_large_a, chequers_serial_rivers_micro_b,
          chequers_serial_rivers_marsh, chequers_serial_rivers_micro_c
D:12:     layout_basic, portal_ice_cave_entry_imps, grunt_decor_one_mirror
D:13:     layout_roguey [special_room_bee], david_vaults_1,
          grunt_dithmenos_smoke_and_mirrors
Lair:1:   layout_loops_ring
Lair:2:   layout_gridlike, nicolae_snake_entry_warm_welcome, minivault_19
Lair:3:   nzn_winding_woodlands_cross [nzn_winding_woodlands_5x15_pockets,
          nzn_winding_woodlands_5x15_zeroes, nzn_winding_woodlands_5x15_cabin,
          nzn_winding_woodlands_5x15_crooked,
          nzn_winding_woodlands_15x15_eel_pit], layout_regular_city,
          nicolae_swamp_entry_spooky, grunt_forest_large_clearings
Lair:4:   layout_concentric_octagons, dpeg_slime_entry_enclosed
Lair:5:   minmay_lair_end_enchanted_forest, layout_cave_pods,
          chequers_serial_rivers_large_b, chequers_serial_rivers_small_b,
          grunt_megastairs_5
Swamp:1:  layout_falls_marsh, hangedman_swamp_ruin_hall
Swamp:2:  layout_falls_marsh, evilmike_swamp_ruin_rubble_2
Swamp:3:  layout_falls_marsh, evilmike_swamp_ruin_wall,
          statue_in_the_mist_lemuel, uniq_mlioglotl
Swamp:4:  swamp_icy, layout_basic_swamp
Snake:1:  layout_basic, hellmonk_ghost_happy_afterlife, uniq_kirke
Snake:2:  layout_basic, serial_shops, shop, gammafunk_ghost_split,
          nicolae_triple_integral, minmay_shop_grove
Snake:3:  layout_gridlike, grunt_megastairs_3
Snake:4:  grunt_snake_rune_spirals, layout_onion, serial_shops, shop,
          serial_bayou_shore_a, uniq_vashnia
Orc:1:    layout_caves, serial_shops, nicolae_volcano_entry_vermiform
Orc:2:    kennysheep_orc_mage_school, layout_caves
Elf:1:    layout_geoelf_diagonals, hangedman_elven_crosses_minicolossus,
          nicolae_elf_v_pinch, drop_trap
Elf:2:    elven_hall_of_blades_hangedman_original
          [nicolae_vaults_blade_armed_guards], layout_geoelf_octagon,
          serial_shops, shop, uniq_roxanne
Vaults:1: nicolae_vaults_circle_grid_b, nicolae_vaults_diamond_2,
          vaults_room_semicircle, nicolae_vaults_two_Ls,
          hangedman_vaults_stretched_pinwheel, hangedman_vaults_nails,
          nicolae_vaults_closet_pinwheel_5, vaults_dpeg_diagonal,
          vaults_room_pools, layout_vaults_ring
Vaults:2: portal_desolation_entry_nicolae_forbidding_blocks, v_pattern_3,
          vaults_room_grunt_arrival_ludios, ontoclasm_vaults_chip,
          nicolae_vaults_octothorpe, nicolae_vaults_tetromino_Z_1,
          hangedman_vaults_restitches, ontoclasm_vaults_fault,
          nicolae_vaults_storage_room_water, layout_vaults_omnigrid,
          dummy_crypt_entry
Desolation

Skill      XL: |  1  2  3  4  5  6  7  8  9 10 11 12 13 14 15 16 17 18 19 |
---------------+----------------------------------------------------------+-----
Dodging        | 3 4 5 6 7 8 9 10 11 12 13 14 15 | 15.1
Fighting       | 5 7 9 10 12 13 14 15 16 17 18 19 20 | 20.9
Axes           | 4 5 7 8 9 10 11 12 13 14 15 | 15.6
Armour         | 1 3 5 6 7 8 9 11 12 13 14 15 | 15.1
Maces & Flails | 3 4 |  4.5
Shields        | 3 5 7 9 10 11 12 13 | 13.9
Throwing       | 3 5 7 8 |  8.1
Evocations     | 4 7 9 |  9.4

Action                     |  1- 3 |  4- 6 |  7- 9 | 10-12 | 13-15 | 16-18 | 19-21 || total
---------------------------+-------+-------+-------+-------+-------+-------+-------++-------
  Melee: Hand axe          |   120 |    55 |       |       |       |       |       ||   175
         Mace              |       |   106 |   224 |    30 |       |       |       ||   360
         Punch             |       |     1 |     4 |     1 |       |       |       ||     6
         Battleaxe         |       |       |       |    58 |       |       |       ||    58
         War axe           |       |       |       |   223 |   731 |   847 |   290 ||  2091
         Scimitar          |       |       |       |       |     2 |    29 |       ||    31
   Fire: Hand crossbow     |       |       |       |       |       |     6 |       ||     6
  Throw: Large rock        |       |       |       |       |     5 |     8 |     1 ||    14
 Invoke: Berserk           |       |     3 |     8 |     9 |    13 |    15 |     3 ||    51
         Brothers in Arms  |       |       |       |       |       |     4 |       ||     4
    Use: Scroll            |     2 |     7 |    10 |    10 |    13 |     4 |     4 ||    50
         Potion            |       |       |     1 |       |       |       |     2 ||     3
   Stab: Distracted        |       |       |     1 |     1 |     6 |    13 |     7 ||    28
 Armour: Animal skin       |    51 |    65 |       |       |       |       |       ||   116
         Robe              |       |       |    70 |       |       |       |       ||    70
         Storm dragon scal |       |       |    98 |   172 |   262 |   334 |   110 ||   976
         Ice dragon scales |       |       |       |       |       |     2 |       ||     2
  Dodge: Dodged            |    73 |   101 |   119 |    83 |   144 |   209 |    55 ||   784
         Repelled          |     1 |     1 |       |       |       |       |       ||     2
  Block: Kite shield       |       |       |       |   110 |   413 |   517 |   232 ||  1272
         Reflection        |       |       |       |       |       |    33 |    35 ||    68

Table legend: (Time is in decaauts)
 A = Elapsed time spent in this place.
 B = Non-inter-level travel time spent in this place.
 C = Inter-level travel time spent in this place.
 D = Time resting spent in this place.
 E = Time spent auto-exploring this place.
 F = Levels seen in this place.
 G = Mean time per level.
                   A        B        C        D        E       F      G
               +--------+--------+--------+--------+--------+-----+--------+
         Total |  41640 |  37707 |   3933 |   2873 |  28839 |  36 | 1156.7 |
       Dungeon |  13636 |  11621 |   2015 |    233 |   9407 |  13 | 1048.9 |
          Lair |   7172 |   6361 |    811 |    622 |   4694 |   5 | 1434.4 |
         Swamp |   4210 |   3929 |    281 |    375 |   2909 |   4 | 1052.5 |
     Snake Pit |   8735 |   8336 |    399 |    980 |   6166 |   4 | 2183.8 |
  Orcish Mines |   1675 |   1401 |    274 |      3 |   1102 |   2 |  837.5 |
   Elven Halls |   2037 |   1959 |     78 |     44 |   1653 |   2 | 1018.5 |
        Vaults |   2004 |   1932 |     72 |    215 |   1455 |   2 | 1002.0 |
         Trove |     56 |     56 |      0 |      0 |     36 |   1 |   56.0 |
      Ice Cave |   1639 |   1639 |      0 |    399 |   1070 |   1 | 1639.0 |
       Volcano |    432 |    432 |      0 |      1 |    343 |   1 |  432.0 |
    Desolation |     40 |     40 |      0 |      0 |      3 |   1 |   40.0 |
               +--------+--------+--------+--------+--------+-----+--------+

Top non-repeatable levels by time:
 Snake:4: 2693 daAuts
 Snake:3: 2382 daAuts
 Snake:1: 2180 daAuts
  Lair:3: 2069 daAuts
   Elf:1: 2013 daAuts
Vaults:1: 1964 daAuts
   IceCv: 1639 daAuts
 Swamp:4: 1606 daAuts
  Lair:5: 1528 daAuts
 Snake:2: 1478 daAuts
     D:5: 1395 daAuts
    D:13: 1385 daAuts
  Lair:2: 1378 daAuts
    D:11: 1356 daAuts
     D:4: 1222 daAuts
